 Dungeon Crawl Stone Soup version 0.31-a0-654-gbe3e110b4e (webtiles) character file.

Game seed: 13143768581054263135

89 bmack86 the Shield-Bearer (level 4, -3/39 HPs)
             Began as a Minotaur Fighter on Aug 29, 2023.
             Slain by Crazy Yiuf
             ... wielding a +4 quarterstaff of chaos
              (12 damage)
             ... on level 2 of the Dungeon.
             The game lasted 00:03:09 (1374 turns).

bmack86 the Shield-Bearer (Minotaur Fighter)        Turns: 1374, Time: 00:03:09

Health: -3/39      AC:  8    Str: 22    XL:     4   Next: 31%
Magic:  3/3        EV:  9    Int:  5    God:
Gold:   112        SH:  5    Dex: 10    Spells: 3/3 levels left

rFire   + . .        a - +0 war axe
rCold   + . .        c - +0 buckler
rNeg    . . .        b - +0 scale mail
rPois   +            (helmet restricted)
rElec   +            e - +0 cloak
rCorr   +            (no gloves)
SInv    .            (no boots)
Will    .....        (no amulet) Stlth
                     (no ring)
HPRegen 0.26/turn    (no ring)
MPRegen 0.08/turn

%: no passive effects
@: resistant
A: horns 2, retaliatory headbutt
a: no special abilities


You were on level 2 of the Dungeon.
You visited 1 branch of the dungeon, and saw 2 of its levels.

You collected 112 gold pieces.

Inventory:

Hand Weapons
 a - a +0 war axe (weapon)
Armour
 b - a +0 scale mail (worn)
 c - a +0 buckler (worn)
 e - a +0 cloak (worn)
Scrolls
 f - 3 scrolls of identify {unknown}
 h - a scroll of poison {unknown}
 i - a scroll of vulnerability {unknown}
 j - a scroll of revelation {unknown}
 l - a scroll of teleportation {unknown}
 n - a scroll of immolation {unknown}
 p - a scroll of silence {unknown}
Potions
 d - 2 potions of might
 g - a potion of haste {unknown}
 k - a potion of curing {unknown}
 m - a potion of lignification {unknown}
 o - a potion of berserk rage {unknown}


   Skills:
 - Level 3.6 Fighting
 + Level 4.4 Axes
 - Level 3.6 Armour
 - Level 5.0 Shields


You had 3 spell levels left.
You didn't know any spells.
Your spell library contained the following spells:

 Spells                   Type           Power      Damage    Failure   Level
 Necrotise                Necr           0%         1d4       86%         1
 Vampiric Draining        Necr           0%         2d6       99%         3
 Agony                    Necr           0%         N/A       100%        5


Dungeon Overview and Level Annotations

Branches:
Dungeon (2/15)

Altars:

Annotations:
D:2 Crazy Yiuf


Innate Abilities, Weirdness & Mutations

You have a pair of horns on your head.
You reflexively headbutt those who attack you in melee.


Message History

An adder comes into view.
The adder hisses angrily.
You slash the adder!
You kill the adder!
You see here an adder corpse.
You see here an adder corpse.
A frilled lizard comes into view.
You hit the frilled lizard.
You kill the frilled lizard!
p - a scroll labelled YDOM DUWOU You see here a +0 mace.
Found a hammer.
Found a hammer.
You see here a +0 hammer.
Found three hammers.
Found a runed translucent door.
You see here a +0 hammer.
Found a hammer.
Crazy Yiuf shouts!
Found a hammer.
As you open the door, it creaks loudly!
You hit Crazy Yiuf.
Crazy Yiuf is moderately wounded.
Crazy Yiuf cries, "Goober sing hand!"
Crazy Yiuf hits you with a +4 quarterstaff of chaos!
Crazy Yiuf burns you. Crazy Yiuf barely misses you.
You barely miss Crazy Yiuf.
Crazy Yiuf is moderately wounded.
Crazy Yiuf laughs, "Whippet!"
Crazy Yiuf hits you with a +4 quarterstaff of chaos!
You feel protected.
You closely miss Crazy Yiuf.
Crazy Yiuf is moderately wounded.
Crazy Yiuf hits you with a +4 quarterstaff of chaos.
* * * LOW HITPOINT WARNING * * *
Crazy Yiuf freezes you.
* * * LOW HITPOINT WARNING * * *
You barely miss Crazy Yiuf.
Crazy Yiuf is moderately wounded.
Crazy Yiuf hits you with a +4 quarterstaff of chaos!
You die...

######## ########
##.#..#)### ###
#.......
##.....)#..##..)#
#.......
#......####@g)).#
###.......
##...#.## ###.))#
#.........
###..##### ###
###.......
##.....#
##.......
#..#####
##...##### ##.##
#### ##.....##
...# #..#
#.......# ####
#..# #.......# #
#..# #.......#


You could see Crazy Yiuf.

Vanquished Creatures
  4 adders (D:2)
  A worm (D:2)
  3 dart slugs
  5 bats
  3 endoplasms (D:2)
  3 giant cockroaches
  A goblin (D:1)
  6 hobgoblins
  3 quokkas
  3 ball pythons
  3 frilled lizards
  4 kobolds (D:1)
  2 rats (D:1)
41 creatures vanquished.

Notes
Turn   | Place    | Note
-------+----------+-------------------------------------------
     0 | D:1      | bmack86 the Minotaur Fighter began the quest for the Orb.
     0 | D:1      | Reached XP level 1. HP: 19/19 MP: 0/0
   157 | D:1      | Reached skill level 4 in Shields
   199 | D:1      | Found a faded altar of an unknown god.
   254 | D:1      | Reached XP level 2. HP: 26/26 MP: 1/1
   896 | D:2      | Reached XP level 3. HP: 25/31 MP: 2/2
   995 | D:2      | Reached skill level 5 in Shields
  1137 | D:2      | Reached XP level 4. HP: 39/39 MP: 3/3
  1366 | D:2      | Found a runed translucent door.
  1367 | D:2      | Noticed Crazy Yiuf
  1374 | D:2      | Slain by Crazy Yiuf

Illustrated notes

Levels and vault maps discovered:
D:1:      dpeg_arrival_erosion, layout_loops_corners,
          hellmonk_ecumenical_altar_inner_sanctum
D:2:      layout_rooms, uniq_crazy_yiuf_cottage

Skill      XL: |  1  2  3 |
---------------+----------+-----
Shields        | 4 5 |  5.0
Axes           | 3 4 |  4.4
Fighting       | |  3.6
Armour         | |  3.6

Action                     |  1- 3 |  4- 6 || total
---------------------------+-------+-------++-------
  Melee: War axe           |    69 |    19 ||    88
         Headbutt          |     8 |     2 ||    10
 Armour: Scale mail        |    37 |    13 ||    50
  Dodge: Dodged            |    37 |     7 ||    44
  Block: Buckler           |    15 |     4 ||    19

Table legend: (Time is in decaauts)
 A = Elapsed time spent in this place.
 B = Non-inter-level travel time spent in this place.
 C = Inter-level travel time spent in this place.
 D = Time resting spent in this place.
 E = Time spent auto-exploring this place.
 F = Levels seen in this place.
 G = Mean time per level.
                   A        B        C        D        E       F      G
               +--------+--------+--------+--------+--------+-----+--------+
         Total |   1405 |   1393 |     12 |      0 |    919 |   2 |  702.5 |
       Dungeon |   1405 |   1393 |     12 |      0 |    919 |   2 |  702.5 |
               +--------+--------+--------+--------+--------+-----+--------+

Top non-repeatable levels by time:
     D:1: 904 daAuts
     D:2: 500 daAuts
